 Dungeon Crawl Stone Soup version 0.30-a0-739-gea05faddec (webtiles) character file.

Game seed: 12351831102639046501

130 KleinerIrrer the Trooper (level 5, 0/36 HPs)
             Began as an Octopode Air Elementalist on Feb 4, 2023.
             Slain by Terence
             ... wielding a +0 trident
              (7 damage)
             ... on level 3 of the Dungeon.
             The game lasted 00:04:34 (1917 turns).

KleinerIrrer the Trooper (OpAE)                     Turns: 1917, Time: 00:04:34

Health: 0/36       AC:  1    Str:  9    XL:     5   Next: 14%
Magic:  4/8        EV: 13    Int: 18    God:
Gold:   118        SH:  0    Dex: 12    Spells: 7/8 levels left

rFire   . . .      SeeInvis .    p - +2 dagger (speed)
rCold   . . .      Faith    .    (no shield)
rNeg    . . .      Spirit   .    (helmet restricted)
rPois   .          Reflect  .    (no amulet)
rElec   .          Harm     .    (no ring)
rCorr   .          Rampage  .    (no ring)
Will    .....                    (no ring)
Stlth   +++                      (no ring)
HPRegen 0.26/turn                (no ring)
MPRegen 0.11/turn                (no ring)
                                 (no ring)
                                 (no ring)

@: lethally poisoned (0 -> -1)
A: almost no armour, amphibious, 8 rings, camouflage 1, gelatinous body 1,
(nimble swimmer 1), tentacles
a: no special abilities


You were on level 3 of the Dungeon.
You visited 1 branch of the dungeon, and saw 3 of its levels.

You collected 118 gold pieces.

Inventory:

Hand Weapons
 p - a +2 dagger of speed (weapon)
Missiles
 i - a throwing net
Jewellery
 o - a ring of fire
Wands
 s - a wand of flame (20)
Scrolls
 c - 3 scrolls of teleportation {unknown}
 g - a scroll of enchant armour {unknown}
 j - a scroll of fear {unknown}
 k - 2 scrolls of magic mapping {unknown}
 r - a scroll of identify {unknown}
 u - a scroll of acquirement {unknown}
Potions
 a - a potion of magic
 b - 3 potions of might {unknown}
 d - a potion of mutation {unknown}
 e - 2 potions of brilliance {unknown}
 f - a potion of attraction {unknown}
 h - a potion of degeneration {unknown}
 l - 3 potions of curing {unknown}
 m - a potion of flight {unknown}
 n - a potion of invisibility {unknown}
 q - a potion of resistance {unknown}
 t - a potion of berserk rage {unknown}


   Skills:
 + Level 3.1 Fighting
 - Level 2.0 Dodging
 - Level 2.6 Stealth
 + Level 3.1 Unarmed Combat
 - Level 2.0 Spellcasting
 - Level 1.0 Conjurations
 - Level 3.0 Air Magic


You had 7 spell levels left.
You knew the following spells:

 Your Spells              Type           Power      Damage    Failure   Level
a - Shock                 Conj/Air       36%        1d5       8%          1

Your spell library contained the following spells:

 Spells                   Type           Power      Damage    Failure   Level
 Static Discharge         Conj/Air       18%        2-3/arc   12%         2
 Swiftness                Air            12%        N/A       16%         3
 Summon Small Mammal      Summ           4%         N/A       19%         1
 Lesser Beckoning         Tloc           2%         N/A       26%         2
 Airstrike                Air            6%         2d(1-17)  45%         4
 Call Canine Familiar     Summ           1%         N/A       47%         3
 Gell's Gravitas          Tloc           1%         N/A       47%         3
 Summon Guardian Golem    Hex/Summ       1%         N/A       47%         3
 Teleport Other           Tloc           1%         N/A       47%         3


Dungeon Overview and Level Annotations

Branches:
Dungeon (3/15)

Altars:
Gozag

Annotations:
D:3 Terence


Innate Abilities, Weirdness & Mutations

You cannot wear most types of armour.
You are amphibious.
You can wear up to eight rings at the same time.
Your skin changes colour to match your surroundings (Stealth+).
Your rubbery body absorbs attacks. (AC +1, EV +1)
((You are camouflaged when in or above water. (Stealth+)))
You have tentacles for arms and can constrict up to eight enemies at once.


Message History

Aim: a kobold brigand, wielding a +0 short sword and quivering poisoned darts (lightly wounded, 60% to hit)
The zap hits the kobold brigand but does no damage.
The kobold brigand is lightly wounded.
You feel sick.
Casting: Shock (safe; 8% risk of failure)
Confirm with . or Enter, or press ? or * to list all spells.
Aiming: Shock (safe; 8% risk of failure)
Press: ? - help, Shift-Dir - straight line, f/p - kobold brigand
Aim: a kobold brigand, wielding a +0 short sword and quivering poisoned darts (lightly wounded, 60% to hit)
The zap hits the kobold brigand.
The kobold brigand is moderately wounded.
You feel sick.
The kobold brigand throws a poisoned dart.
The poisoned dart barely misses you.
Terence the Incautious comes into view.
He is wielding a +0 trident.
Found a dagger.
You feel sick. The kobold brigand closely misses you. Terence misses you.
You hit the kobold brigand. Your grab misses the kobold brigand.
The kobold brigand is moderately wounded.
You barely miss the kobold brigand. You grab the kobold brigand.
You tentacle-slap the kobold brigand. You squeeze the kobold brigand.
The kobold brigand is severely wounded.
You constrict the kobold brigand.
You feel sick.
Terence hits you from afar with a +0 trident!
The kobold brigand hits you with a +0 short sword.
You hit the kobold brigand.
The kobold brigand is almost dead.
You constrict the kobold brigand, but do no damage.
You feel sick.
The kobold brigand hits you with a +0 short sword.
Terence hits you from afar with a +0 trident!
* * * LOW HITPOINT WARNING * * *
You hit the kobold brigand.
The kobold brigand is almost dead.
You constrict the kobold brigand, but do no damage.
You barely miss the kobold brigand. You squeeze the kobold brigand.
You kill the kobold brigand!
You feel sick.
Terence hits you from afar with a +0 trident!
You die...

.. #. ... #.
...###.###
.........
....$.)>.
#..)....#
.....@).# #@#
#.# #.# #.# #
#.# #.##.##
#.....###
####....###.#
########.#.....#


You could see Terence.

Vanquished Creatures
  A kobold brigand (D:3)
  3 gnolls (D:3)
  3 adders (D:2)
  A worm (D:3)
  3 dart slugs
  8 bats
  4 endoplasms
  A giant cockroach (D:1)
  4 goblins
  5 hobgoblins
  8 jackals (D:2)
  5 quokkas
  5 ball pythons
  3 frilled lizards
  5 kobolds
  3 rats
62 creatures vanquished.

Notes
Turn   | Place    | Note
-------+----------+-------------------------------------------
     0 | D:1      | KleinerIrrer the Octopode Air Elementalist began the quest
                  | for the Orb.
     0 | D:1      | Reached XP level 1. HP: 11/11 MP: 3/3
   173 | D:1      | Reached skill level 1 in Fighting
   173 | D:1      | Reached skill level 1 in Unarmed Combat
   173 | D:1      | Reached XP level 2. HP: 18/18 MP: 0/5
   782 | D:2      | Found an opulent altar of Gozag.
   831 | D:2      | Reached XP level 3. HP: 24/24 MP: 4/6
   855 | D:2      | Found a faded altar of an unknown god.
  1227 | D:2      | Reached XP level 4. HP: 27/29 MP: 7/7
  1737 | D:3      | Reached XP level 5. HP: 36/36 MP: 1/8
  1905 | D:3      | Noticed a kobold brigand
  1912 | D:3      | Noticed Terence
  1917 | D:3      | Killed a kobold brigand
  1917 | D:3      | Slain by Terence

Illustrated notes

Levels and vault maps discovered:
D:1:      dpeg_arrival_short_road, layout_rooms, minmay_indecisive_spiral
D:2:      layout_rooms, hellmonk_ecumenical_altar_zigzags, basic_altar,
          hangedman_decor_slide_cut, minmay_joined_circles
D:3:      layout_loops_ring, uniq_terence, uniq_pargi

Skill      XL: |  1  2  3  4 |
---------------+-------------+-----
Fighting       | 1 2 3 |  3.1
Unarmed Combat | 1 2 3 |  3.1
Dodging        | |  2.0
Stealth        | |  2.6
Spellcasting   | |  2.0
Conjurations   | |  1.0
Air Magic      | |  3.0

Action                     |  1- 3 |  4- 6 || total
---------------------------+-------+-------++-------
  Melee: Unarmed           |    31 |       ||    31
         Constrict         |    10 |     7 ||    17
         Tentacles         |     7 |    10 ||    17
         Punch             |     1 |     2 ||     3
         Dagger            |       |    34 ||    34
   Cast: Shock             |    47 |    37 ||    84
   Stab: Sleeping          |     1 |       ||     1
 Armour: Skin              |       |     3 ||     3
  Dodge: Dodged            |    18 |    24 ||    42

Table legend: (Time is in decaauts)
 A = Elapsed time spent in this place.
 B = Non-inter-level travel time spent in this place.
 C = Inter-level travel time spent in this place.
 D = Time resting spent in this place.
 E = Time spent auto-exploring this place.
 F = Levels seen in this place.
 G = Mean time per level.
                   A        B        C        D        E       F      G
               +--------+--------+--------+--------+--------+-----+--------+
         Total |   1903 |   1890 |     13 |    101 |   1517 |   3 |  634.3 |
       Dungeon |   1903 |   1890 |     13 |    101 |   1517 |   3 |  634.3 |
               +--------+--------+--------+--------+--------+-----+--------+

Top non-repeatable levels by time:
     D:2: 920 daAuts
     D:1: 779 daAuts
     D:3: 203 daAuts
